 Dungeon Crawl Stone Soup version 0.30.0 (webtiles) character file.

Game seed: 12461263656185291037

4575 Quentin the Magician (level 10, -3/73 (77) HPs)
             Began as a White Draconian Fire Elementalist on Aug 1, 2023.
             Was a Believer of Qazlal.
             Slain by a two-headed ogre
             ... wielding a +0 giant club
              (8 damage)
             ... on level 9 of the Dungeon.
             The game lasted 01:07:16 (8957 turns).

Quentin the Magician (DrFE)                         Turns: 8957, Time: 01:07:16

HP:   -3/73 (77)    AC:  8    Str: 12    XL:     10   Next: 18%
MP:   4/20          EV: 14    Int: 19    God:    Qazlal [**....]
Gold: 470           SH:  3    Dex: 17    Spells: 7/23 levels left

rFire   + . .        y - +4 dagger (venom)
rCold   + + +        (no shield)
rNeg    . . .        (body armour unavailable)
rPois   .            (helmet restricted)
rElec   .            D - scarf {rC+ rF+}
rCorr   .            (no gloves)
SInv    .            g - +0 pair of boots
Will    .....        (no amulet)
Stlth   ++           A - ring of protection from cold
HPRegen 0.32/turn    R - +6 ring of dexterity
MPRegen 0.17/turn

%: no passive effects
@: about to teleport, drained
A: breathe frost, AC +7, unfitting armour, cold resistance 1, cold-blooded
a: Breathe Frost, Renounce Religion, Upheaval


You were on level 9 of the Dungeon.
You worshipped Qazlal.
Qazlal was pleased with you.
You visited 2 branches of the dungeon, and saw 10 of its levels.
You also visited: Sewer.

You collected 470 gold pieces.

Inventory:

Hand Weapons
 d - a +0 dagger of speed
 f - a +0 dagger of venom
 i - a +0 club
 q - a +0 dagger
 y - a +4 dagger of venom (weapon)
 G - a +1 whip of electrocution
 M - a +4 short sword
Missiles
 h - 9 poisoned darts
 Q - 2 boomerangs of dispersal
Armour
 b - a +0 robe
 e - a +0 buckler
 g - a +0 pair of boots (worn)
 j - a scarf of resistance
 k - a +2 ring mail of fire resistance
 o - a +0 cloak
 s - a +0 plate armour
 t - a +0 helmet
 D - a scarf of resistance (worn)
 N - +0 steam dragon scales
Magical Staves
 W - a staff of earth
Jewellery
 A - a ring of protection from cold (left hand)
 R - a +6 ring of dexterity (right hand)
 T - a ring of positive energy
Wands
 c - a wand of flame (46)
 L - a wand of mindburst (18)
 U - a wand of digging (4)
Scrolls
 l - a scroll of noise {unknown}
 p - 2 scrolls of immolation
 r - a scroll of butterflies
 v - a scroll of enchant armour
 w - a scroll of teleportation
 B - 2 scrolls of magic mapping {unknown}
 C - a scroll of vulnerability {unknown}
 F - 3 scrolls of fear {unknown}
 H - 7 scrolls of identify
 K - 2 scrolls of amnesia {unknown}
 S - a scroll of torment {unknown}
Potions
 a - a potion of resistance
 m - 2 potions of curing
 n - a potion of attraction
 x - 5 potions of brilliance {unknown}
 z - a potion of mutation {unknown}
 E - 2 potions of might {unknown}
 I - a potion of lignification {unknown}
 J - a potion of berserk rage {unknown}
 P - a potion of ambrosia {unknown}
 V - 2 potions of cancellation {unknown}


   Skills:
 + Level 3.3 Fighting
 + Level 4.7 Short Blades
 + Level 5.2 Dodging
 + Level 3.3 Stealth
 + Level 1.4 Shields
 + Level 0.4 Unarmed Combat
 + Level 7.2 Spellcasting
 + Level 1.3 Conjurations
 + Level 4.8 Translocations
 + Level 6.8 Fire Magic
 + Level 0.7 Invocations
 + Level 0.1 Evocations


You had 7 spell levels left.
You knew the following spells:

 Your Spells              Type           Power      Damage    Failure   Level
a - Foxfire               Conj/Fire      88%        2x1d8     1%          1
b - Scorch                Fire           66%        2d8       1%          2
c - Volatile Blastmotes   Fire/Tloc      58%        2d14      2%          3
d - Flame Wave            Conj/Fire      22%        2d8       19%         4
e - Teleport Other        Tloc           25%        N/A       4%          3
f - Inner Flame           Hex/Fire       20%        N/A       7%          3

Your spell library contained the following spells:

 Spells                   Type           Power      Damage    Failure   Level
 Apportation              Tloc           50%        N/A       1%          1
 Gell's Gravitas          Tloc           25%        N/A       4%          3
 Necrotise                Necr           24%        1d5       10%         1
 Summon Small Mammal      Summ           24%        N/A       10%         1
 Sublimation of Blood     Necr           6%         N/A       16%         2
 Petrify                  Tmut/Erth      6%         N/A       69%         4
 Summon Forest            Summ/Tloc      8%         N/A       69%         5
 Irradiate                Conj/Tmut      4%         3d13      90%         5
 Dispersal                Tloc           12%        N/A       90%         6
 Summon Mana Viper        Hex/Summ       6%         N/A       95%         5
 Summon Cactus Giant      Summ           3%         N/A       100%        6


Dungeon Overview and Level Annotations

Branches:
Dungeon (9/15)             Temple (1/1) D:6            Lair (0/5) D:8
  Sewer (visited)
    Orc: D:9-12

Altars:
Ashenzari
Cheibriados
Dithmenos
Elyvilon
Fedhas
Gozag
Hepliaklqana
Kikubaaqudgha
Makhleb
Nemelex Xobeh
Okawaru
Qazlal
Ru
Sif Muna
Trog
Uskayaw
Vehumet
Wu Jian
Xom
Yredelemnul
Zin
The Shining One


Innate Abilities, Weirdness & Mutations

You can breathe waves of freezing cold which knock back foes.
Your icy white scales are hard. (AC +7)
You cannot fit into any form of body armour.
Your flesh is cold resistant. (rC+)
You are cold-blooded and may be slowed by cold attacks.


Message History

Confirm with . or Enter, or press ? or * to list all spells.
A cloud of volatile blastmotes flares up around you!
The cloud of blastmotes explodes!
The concussive blast engulfs the two-headed ogre!
The two-headed ogre is heavily wounded.
The concussive blast engulfs you! You resist.
You are knocked back by the blast.
As you read the scroll of fog, it crumbles to dust.
The scroll dissolves into smoke.
The two-headed ogre hits you with a +0 giant club!!
* * * LOW HITPOINT WARNING * * *
The two-headed ogre closely misses you.
Casting: Volatile Blastmotes (mildly dangerous; 2% risk of failure)
Confirm with . or Enter, or press ? or * to list all spells.
There's already a cloud here!
Casting: Volatile Blastmotes (mildly dangerous; 2% risk of failure)
Confirm with . or Enter, or press ? or * to list all spells.
There's already a cloud here!
You feel much better.
Casting: Volatile Blastmotes (mildly dangerous; 2% risk of failure)
Confirm with . or Enter, or press ? or * to list all spells.
A cloud of volatile blastmotes flares up around you!
The two-headed ogre hits you with a +0 giant club!
The two-headed ogre hits you with a +0 giant spiked club.
The gnoll sergeant completely misses you.
The gnoll sergeant hits you but does no damage.
The two-headed ogre hits you with a +0 giant club!
* * * LOW HITPOINT WARNING * * *
The two-headed ogre hits you with a +0 giant spiked club!
* * * LOW HITPOINT WARNING * * *
You hear an angry hiss.
Okay, then.
Okay, then.
As you read the scroll of teleportation, it crumbles to dust.
You feel strangely unstable.
The two-headed ogre attacks as you move away!
The two-headed ogre barely misses you. x2
The two-headed ogre attacks as you move away!
The two-headed ogre hits you with a +0 giant club!
You die...

######### #.......#
########.####).#
#§§§§..#.###(#.########
#§####l#....###...)....
#g####g#..#..#.########
#§##...........# #
#.##.#O##.####.# #
#g##.#@##.####.# #
#.......#......# #
#<##.##.######## #
##########.##.##.#
########
.....o..##.##.)..#
#......#
......#..†)####..#
#......# .#z#.
####.......###......# #
####......#...[..#
#.#.##.#......#


You could see a two-headed ogre, a wyvern and a gnoll sergeant.

Vanquished Creatures
  Sigmund (D:6)
  A wyvern (D:7)
  4 yaks (D:8)
  5 steam dragons
  A water moccasin (D:8)
  Pargi (Sewer)
  An orc warrior (D:9)
  2 ice beasts
  An ogre (D:6)
  A centaur (D:6)
  4 phantoms (D:4)
  A kobold brigand (D:7)
  4 bullfrogs
  3 scorpions
  2 water moccasin zombies (D:4)
  9 wights
  2 howler monkeys (D:9)
  A centaur zombie (D:5)
  A quasit (D:8)
  3 hounds
  4 jellies
  2 orc priests
  A bullfrog skeleton (D:4)
  A gnoll bouda (D:5)
  6 orc wizards
  3 scorpion zombies (D:4)
  3 hound zombies (D:4)
  Robin (D:2)
  6 adders
  8 gnolls (D:5)
  A river rat (D:3)
  2 white imps
  An ufetubus (D:4)
  An adder zombie (D:4)
  6 adder skeletons (D:4)
  3 worms
  3 dart slugs
  26 orcs
  4 bats
  7 endoplasms
  6 giant cockroaches
  17 goblins
  12 hobgoblins
  4 jackals
  4 quokkas
  3 ball pythons
  3 frilled lizards
  2 goblin skeletons (D:8)
  4 hobgoblin zombies (D:8)
  9 kobolds
  3 kobold skeletons (D:8)
  A kobold zombie (D:8)
  4 rats
209 creatures vanquished.

Vanquished Creatures (others)
  An orc wizard (D:6)
  2 orcs
  A goblin skeleton (D:8)
  35 foxfires
  10 withered plants (D:4)
49 creatures vanquished.

Grand Total: 258 creatures vanquished

Notes
Turn   | Place    | Note
-------+----------+-------------------------------------------
     0 | D:1      | Quentin the Draconian Fire Elementalist began the quest for
                  | the Orb.
     0 | D:1      | Reached XP level 1. HP: 14/14 MP: 3/3
   210 | D:1      | Reached XP level 2. HP: 12/20 MP: 5/5
   437 | D:1      | Learned a level 2 spell: Scorch
   827 | D:2      | HP: 1/20 [worm (1)]
   982 | D:2      | Reached XP level 3. HP: 24/26 MP: 1/6
  1249 | D:2      | Noticed Robin
  1470 | D:2      | Killed Robin
  1582 | D:3      | Found a stormy altar of Qazlal.
  1590 | D:3      | Reached XP level 4. HP: 33/34 MP: 7/7
  1613 | D:3      | Found a white marble altar of Elyvilon.
  1613 | D:3      | Found a sacrificial altar of Ru.
  1650 | D:3      | Became a worshipper of Qazlal Stormbringer
  1960 | D:3      | Found a glowing drain.
  1981 | Sewer    | Entered a sewer
  2056 | Sewer    | Noticed Pargi
  2062 | Sewer    | Killed Pargi
  2063 | Sewer    | Reached skill level 1 in Fighting
  2063 | Sewer    | Reached skill level 1 in Short Blades
  2063 | Sewer    | Reached skill level 3 in Spellcasting
  2063 | Sewer    | Reached XP level 5. HP: 39/40 MP: 4/9
  2159 | D:3      | Learned a level 3 spell: Volatile Blastmotes
  2164 | D:3      | Learned a level 4 spell: Flame Wave
  2396 | D:3      | Found a shimmering altar of Xom.
  2494 | D:3      | Reached XP level 6. HP: 29/47 MP: 0/11
  2895 | D:4      | Reached * piety under Qazlal
  2932 | D:4      | Reached skill level 4 in Spellcasting
  2937 | D:4      | Your scales start taking on an icy white colour.
  2937 | D:4      | Reached XP level 7. HP: 36/52 MP: 1/13
  2937 | D:4      | Gained mutation: Your flesh is cold resistant. (rC+) [White
                  | Draconian growth]
  3055 | D:4      | Learned a level 3 spell: Teleport Other
  3851 | D:5      | Entered Level 5 of the Dungeon
  3896 | D:5      | Reached skill level 1 in Shields
  3896 | D:5      | Reached XP level 8. HP: 44/62 MP: 1/15
  4094 | D:5      | Reached skill level 5 in Fire Magic
  4169 | D:5      | Learned a level 3 spell: Inner Flame
  4318 | D:5      | Reached skill level 1 in Translocations
  4972 | D:6      | Found a staircase to the Ecumenical Temple.
  5024 | D:6      | Reached skill level 5 in Spellcasting
  5241 | Temple   | Entered the Ecumenical Temple
  5433 | D:6      | Reached ** piety under Qazlal
  5614 | D:6      | Noticed Sigmund
  5665 | D:6      | Killed Sigmund
  5890 | D:7      | Reached XP level 9. HP: 62/68 MP: 5/17
  5910 | D:7      | Reached skill level 6 in Spellcasting
  7095 | D:8      | Found a staircase to the Lair.
  7334 | D:8      | Reached skill level 7 in Spellcasting
  7634 | D:8      | Found a blossoming altar of Fedhas.
  7911 | D:8      | Found a glowing golden altar of the Shining One.
  8061 | D:8      | Reached skill level 5 in Dodging
  8061 | D:8      | Reached XP level 10. HP: 53/77 MP: 9/20
  8929 | D:9      | Noticed a two-headed ogre
  8957 | D:9      | Slain by a two-headed ogre

Illustrated notes

Levels and vault maps discovered:
D:1:      evilmike_arrival_fibonacci_small, layout_basic, serial_corexii_hall,
          corexii_hall_statues_deadend, chequers_hall_statues_corner_a,
          corexii_hall_statues_i, corexii_hall_statues_i
D:2:      layout_rooms, uniq_robin
D:3:      layout_rooms, mainiacjoe_overflow_surrounded_room,
          chequers_temple_overflow_statue_of_worship,
          cheibrodos_sewer_entry_sluice
D:4:      layout_loops_cross, serial_undead, serial_undead_a, serial_undead_f,
          serial_undead_f, serial_undead_a, serial_undead_b, serial_undead_b,
          serial_undead_f
D:5:      layout_loops_ring
D:6:      layout_rooms, temple_pool_b, uniq_sigmund
D:7:      layout_loops_ring
D:8:      layout_cave_pools, nicolae_tso_besieged_by_evil,
          mainiacjoe_overflow_cross_hatched, lair_entry_dummy, serial_rivers,
          chequers_serial_rivers_room_a, chequers_serial_rivers_large_b,
          chequers_serial_rivers_room_a, chequers_serial_rivers_room_a,
          grunt_ministairs_12
D:9:      layout_loops_cross, onia_ninara_cookie
Temple:   nicolae_temple_x_marks_the_god

Skill      XL: |  1  2  3  4  5  6  7  8  9 |
---------------+----------------------------+-----
Stealth        | 2 3 |  3.3
Dodging        | 2 3 4 5 |  5.2
Fire Magic     | 4 5 6 |  6.8
Fighting       | 1 2 3 |  3.3
Short Blades   | 1 2 3 4 |  4.7
Spellcasting   | 3 4 5 7 |  7.2
Shields        | 1 |  1.4
Translocations | 3 4 |  4.8
Unarmed Combat | |  0.4
Conjurations   | |  1.3
Invocations    | |  0.7
Evocations     | |  0.1

Action                     |  1- 3 |  4- 6 |  7- 9 | 10-12 || total
---------------------------+-------+-------+-------+-------++-------
  Melee: Unarmed           |    13 |       |       |       ||    13
         Dagger            |    67 |   126 |   250 |    20 ||   463
         Tailslap          |    12 |    15 |    41 |     2 ||    70
         Punch             |     2 |     1 |     1 |       ||     4
   Cast: Foxfire           |    10 |     6 |     7 |       ||    23
         Scorch            |    15 |    23 |    36 |       ||    74
         Volatile Blastmot |       |     4 |    62 |    19 ||    85
         Flame Wave        |       |     1 |     1 |       ||     2
         Teleport Other    |       |       |     4 |     1 ||     5
         Inner Flame       |       |       |     1 |       ||     1
 Invoke: Upheaval          |       |       |     2 |       ||     2
Ability: Breathe Frost     |       |       |     6 |       ||     6
  Evoke: Wand              |       |       |     4 |       ||     4
    Use: Scroll            |     3 |     5 |     2 |     2 ||    12
         Potion            |       |     2 |     3 |     1 ||     6
   Stab: Sleeping          |     1 |     1 |       |       ||     2
 Armour: Skin              |    38 |    68 |    98 |     9 ||   213
  Dodge: Dodged            |    77 |   121 |   192 |    18 ||   408
  Block: Other             |       |       |    23 |     4 ||    27
